 Dungeon Crawl Stone Soup version 0.20.1-1-g8b1a95d (webtiles) character file.

26 Internecine the Vexing (level 3, -1/33 HPs)
             Began as an Ogre Arcane Marksman on Oct 3, 2017.
             Slain by a gnoll
             ... wielding a cursed -1 spear
              (9 damage)
             ... on level 2 of the Dungeon.
             The game lasted 00:10:01 (1371 turns).

Internecine the Vexing (Ogre Arcane Marksman)       Turns: 1371, Time: 00:10:01

Health: -1/33      AC:  3    Str: 14    XL:     3   Next: 8%
Magic:  4/4        EV: 10    Int: 14    God:
Gold:   77         SH:  0    Dex: 10    Spells: 3/4 levels left

rFire    . . .     SeeInvis .   a - +0 hand crossbow
rCold    . . .     Gourm    .   (no shield)
rNeg     . . .     Faith    .   e - +0 robe
rPois    .         Spirit   .   (helmet restricted)
rElec    .         Reflect  .   (no cloak)
rCorr    .         Harm     .   (gloves unavailable)
MR       .....                  (boots unavailable)
Stlth    +.........             (no amulet)
Regen    0.2/turn               (no ring)
MPRegen  0.1/turn               (no ring)

@: no status effects
A: unfitting armour, tough skin 1
a: no special abilities


You were on level 2 of the Dungeon.
You were not hungry.

You visited 1 branch of the dungeon, and saw 2 of its levels.

You collected 77 gold pieces.

Inventory:

Hand Weapons
 a - a +0 hand crossbow (weapon)
 k - a +2 dagger of electrocution
 m - a +1 short sword of flaming
 p - a +1 dagger of venom
Missiles
 d - 39 bolts (quivered)
 j - 11 stones
 q - 20 arrows
Armour
 e - a +0 robe (worn)
Scrolls
 b - a scroll of enchant weapon {unknown}
 i - a scroll of immolation {unknown}
 o - a scroll of fog {unknown}
Potions
 h - a potion of haste {unknown}
 n - 3 potions of curing {unknown}
Books
 c - a book of Debilitation

   Spells                             Type                      Level
   a - Corona                         Hexes                        1
   b - Slow                           Hexes                        2
   c - Inner Flame                    Hexes/Fire                   3
   d - Portal Projectile              Hexes/Translocation          3
   e - Cause Fear                     Hexes                        4
   f - Leda's Liquefaction            Hexes/Earth                  4
Comestibles
 f - 3 bread rations
 g - 4 chunks of flesh
 l - a fruit


   Skills:
 + Level 1.3 Fighting
 + Level 2.0 Crossbows
 + Level 2.0 Dodging
 + Level 0.1 Stealth
 + Level 1.2 Spellcasting
 + Level 3.1 Hexes


You had 3 spell levels left.
You knew the following spells:

 Your Spells              Type           Power        Failure   Level  Hunger
a - Corona                Hex            #......      7%          1    ##.....


Dungeon Overview and Level Annotations

Branches:
Dungeon (2/15)

Altars:


Innate Abilities, Weirdness & Mutations

You are too large for most types of armour.
You have tough skin. (AC +1)


Message History

Aim: a gnoll, wielding a spear You shoot a bolt.
The bolt barely misses the gnoll.
The bolt hits the gnoll.
The gnoll is lightly wounded.
The gnoll hits you from afar with a spear.
Firing (i - inventory. (,) - cycle):
d - 41 bolts (quivered)
Press: ? - help, Shift-Dir - straight line, f/p - gnoll
Aim: a gnoll, wielding a spear You shoot a bolt.
The bolt hits the gnoll!
The gnoll is severely wounded.
The gnoll barely misses you. The gnoll closely misses you.
The gnoll hits you from afar with an enchanted spear!
Firing (i - inventory. (,) - cycle):
d - 40 bolts (quivered)
Press: ? - help, Shift-Dir - straight line, f/p - gnoll
Aim: a gnoll, wielding a spear You shoot a bolt.
The bolt hits the gnoll.
The gnoll is almost dead.
The gnoll hits you with a club.
* * * LOW HITPOINT WARNING * * *
The gnoll hits you from afar with an enchanted spear!
You die...

##.### # #.# #.# #.# .
#.## ... #..#######
##..### ##........
......g#######....####
....((gg@............+
#...##g###(###.....###
# ... #.# #......#
##.. #.# ##.##..# #..
#.. .. ..# ... ### ...
... ##.# #### ## #.


You could see 4 gnolls.

Vanquished Creatures
  A dart slug (D:1)
  A leopard gecko (D:2)
  A giant cockroach (D:1)
  4 goblins
  5 hobgoblins
  3 bats
  A frilled lizard (D:1)
  3 kobolds
  A rat (D:1)
20 creatures vanquished.

Notes
Turn   | Place    | Note
-------+----------+-------------------------------------------
     0 | D:1      | Internecine the Ogre Arcane Marksman began the quest for the Orb.
     0 | D:1      | Reached XP level 1. HP: 19/19 MP: 2/2
   263 | D:1      | Reached XP level 2. HP: 27/27 MP: 3/3
   380 | D:1      | Reached skill level 3 in Hexes
  1309 | D:2      | Reached XP level 3. HP: 27/33 MP: 4/4
  1371 | D:2      | Slain by a gnoll

Skill      XL: |  1  2  3 |
---------------+----------+-----
Hexes          | 3 |  3.1
Dodging        | 2 |  2.0
Crossbows      | 2 |  2.0
Fighting       | |  1.3
Stealth        | |  0.1
Spellcasting   | |  1.2

Action                   || total
-------------------------++-------
 Fire: Hand crossbow     ||    54
  Eat: Chunk             ||     1
Armor: Robe              ||    12
Dodge: Dodged            ||    13
